 Dungeon Crawl Stone Soup version 0.17-a0-1208-g5ea1814 (webtiles) character file.

127 TheRake the Sneak (level 4, -2/23 HPs)
             Began as a Spriggan Wanderer on June 4, 2015.
             Was an Initiate of Ashenzari.
             Slain by a worker ant (5 damage)
             ... on level 4 of the Dungeon.
             The game lasted 00:14:10 (3287 turns).

TheRake the Sneak (Spriggan Wanderer)               Turns: 3287, Time: 00:14:10

Health: -2/23      AC:  2    Str:  6    XL:     4   Next: 85%
Magic:  7/7        EV: 15    Int: 18    God:    Ashenzari [......]
Gold:   101        SH:  0    Dex: 13    Spells: 1 memorised, 4 levels left

rFire  . . .     SeeInvis +     a - +2 dagger
rCold  . . .     Clarity  .     e - +0 robe
rNeg   . . .     SustAt   .     (shield restricted)
rPois  .         Gourm    .     (helmet restricted)
rElec  .         Spirit   .     (no cloak)
rCorr  .         Warding  .     (gloves unavailable)
rMut   .         Stasis   .     (boots unavailable)
MR     .....                    (no amulet)
Stlth  +++.......               (no ring)
                                (no ring)

@: very quick, not resistant to hostile enchantments, fairly stealthy
A: unfitting armour, see invisible, herbivore 3, speed 3, slow metabolism 2
a: Renounce Religion


You were on level 4 of the Dungeon.
You worshipped Ashenzari.
Ashenzari was noncommittal.
You were hungry.

You visited 1 branch of the dungeon, and saw 4 of its levels.

You collected 101 gold pieces.

Inventory:

Hand weapons
 a - a +2 dagger (weapon)
Missiles
 h - 42 arrows
Armour
 e - a +0 robe (worn)
Scrolls
 g - 2 scrolls of magic mapping {unknown}
 j - a scroll of immolation {unknown}
 k - a scroll of identify {unknown}
Potions
 b - a potion of haste
 i - a potion of poison {unknown}
 m - 2 potions of curing
Books
 c - Nimauv's Grimoire of the Snowflakes

   Spells                             Type                      Level
   a - Freeze                         Ice                          1
   b - Ozocubu's Armour               Charms/Ice                   3
 n - a book of the Sky

   Spells                             Type                      Level
   a - Summon Lightning Spire         Summoning/Air                4
   b - Airstrike                      Air                          4
   c - Silence                        Hexes/Air                    5
   d - Deflect Missiles               Charms/Air                   6
   e - Conjure Ball Lightning         Conjuration/Air              6
   f - Tornado                        Air                          9
Comestibles
 f - 3 bread rations


   Skills:
 + Level 2.9 Fighting
 + Level 2.9 Short Blades
 - Level 1.5 Throwing
 + Level 4.6 Stealth
 - Level 1.3 Spellcasting
   Level 3.0 Charms
   Level 3.0 Translocations


You had 4 spell levels left.
You knew the following spells:

 Your Spells              Type           Power        Failure   Level  Hunger
a - Freeze                Ice            #...         21%         1    ##.....


Dungeon Overview and Level Annotations

Branches:
Dungeon (4/15)
 Temple: D:4-7

Altars:
Ashenzari
Okawaru

Annotations:
D:3 Terence; TheRake's ghost, weakling SpWn


Innate Abilities, Weirdness & Mutations

You are tiny and cannot use many weapons and most armour.
You have supernaturally acute eyesight.
You are a herbivore.
You cover ground extremely quickly.
You need consume almost no food.


Message History

Found 14 gold pieces.
A bat and an orc come into view.
A scorpion comes into view.
Found 9 gold pieces.
An ogre comes into view. It is wielding a giant club.
The ogre shouts!
The bat misses you.
You hit the bat.
You kill the bat!
You see here a bat corpse.
A worker ant comes into view.
The worker ant twitches its antennae in your direction.
Found a meat ration.
You see here 14 gold pieces.
An orc comes into view.
The orc closely misses you.
You hit the worker ant but do no damage.
The orc shouts!
The worker ant bites you.
You die...

#.......... ..
#......s...
#..........
#.......O..
#####..........
#........####.#
#......†.#
#.......$####.#..
#........@a......
#......o.####.#..
#........#
####.##....
#........
#..o....# #
.#+#.%# .. #..#


You could see a worker ant and 2 orcs.

Vanquished Creatures
  5 adders (D:2)
  3 giant geckos (D:2)
  6 orcs
  6 bats
  2 giant cockroaches
  6 hobgoblins
  3 kobolds
  2 quokkas (D:2)
  5 giant newts
  11 goblins
  13 jackals
  7 rats
69 creatures vanquished.

Notes
Turn   | Place    | Note
--------------------------------------------------------------
     0 | D:1      | TheRake the Spriggan Wanderer began the quest for the Orb.
     0 | D:1      | TheRake set off with: a +2 dagger, a potion of haste, Nimauv's Grimoire of the Snowflakes, a scroll of teleportation, a +0 robe, a bread ration
     0 | D:1      | Reached XP level 1. HP: 11/11 MP: 3/3
   320 | D:1      | Learned a level 1 spell: Freeze
   348 | D:1      | Identified Nimauv's Grimoire of the Snowflakes
   362 | D:1      | Reached XP level 2. HP: 14/16 MP: 5/5
   768 | D:2      | Reached skill level 1 in Short Blades
   902 | D:2      | Reached XP level 3. HP: 10/19 MP: 6/6
  1348 | D:2      | Reached skill level 4 in Stealth
  1745 | D:2      | Reached XP level 4. HP: 9/23 MP: 4/7
  2292 | D:3      | Found an iron altar of Okawaru.
  2927 | D:3      | Found a shattered altar of Ashenzari.
  2938 | D:3      | Became a worshipper of Ashenzari the Shackled
  2965 | D:3      | Noticed Terence
  2965 | D:3      | Noticed TheRake's ghost (weakling SpWn)
  3229 | D:4      | Noticed a phantom
  3253 | D:4      | Noticed a phantom
  3254 | D:4      | Noticed an ogre
  3278 | D:4      | Noticed an ogre
  3287 | D:4      | Slain by a worker ant

Vault maps used:
D:1:      dpeg_arrival_stonehenge_12_columns
D:2:      first_bread
D:3:      lemuel_crystal_altar, overflow_temple_1_default,
          overflow_temple_1_default, uniq_terence
D:4:      kennysheep_big_flooded_room, kennysheep_mini_moat, old_standard_altar,
          uniq_menkaure

Action                   |  1- 3 |  4- 6 || total
-------------------------+-------+-------++-------
Melee: Dagger            |   127 |   120 ||   247
 Cast: Freeze            |     4 |     7 ||    11
  Use: Potion            |       |     3 ||     3
       Scroll            |       |     2 ||     2
 Stab: Sleeping          |    10 |     5 ||    15
